 Dungeon Crawl Stone Soup version 0.27.1-35-g4d5d836560 (webtiles) character file.

Game seed: 11504843449112547151

7 Aldia the Slasher (level 2, 15/21 HPs)
             Began as a Human Wanderer on June 10, 2022.
             Quit the game on level 1 of the Dungeon.
             The game lasted 00:00:57 (583 turns).

Aldia the Slasher (Human Wanderer)                   Turns: 583, Time: 00:00:58

Health: 15/21      AC:  3    Str: 12    XL:     2   Next: 5%
Magic:  3/3        EV: 11    Int: 14    God:
Gold:   22         SH:  0    Dex: 10    Spells: 3/3 levels left

rFire    . . .     SeeInvis .   d - +0 falchion
rCold    . . .     Faith    .   (no shield)
rNeg     . . .     Spirit   .   c - +0 leather armour
rPois    .         Reflect  .   (no helmet)
rElec    .         Harm     .   (no cloak)
rCorr    .         Rampage  .   (no gloves)
Will     .....                  (no boots)
Stlth    +.........             (no amulet)
HPRegen  0.07/turn              (no ring)
MPRegen  0.08/turn              (no ring)

@: no status effects
A: no striking features
a: no special abilities


You were on level 1 of the Dungeon.
You visited 1 branch of the dungeon, and saw 1 of its levels.

You collected 22 gold pieces.

Inventory:

Hand Weapons
 a - a +0 spear
 d - a +0 falchion (weapon)
Missiles
 b - 3 throwing nets (quivered)
Armour
 c - a +0 leather armour (worn)
Jewellery
 f - a ring of positive energy
Scrolls
 e - a scroll of enchant weapon {unknown}
 g - a scroll of teleportation {unknown}
Potions
 h - 2 potions of mutation {unknown}


   Skills:
 + Level 1.2 Fighting
 * Level 3.2 Long Blades
 + Level 1.2 Dodging
 - Level 2.0 Shields
 - Level 1.0 Spellcasting
 - Level 1.0 Hexes
 - Level 1.0 Poison Magic


You had 3 spell levels left.
You didn't know any spells.
Your spell library contained the following spells:

 Spells                   Type           Power      Damage    Failure   Level
 Slow                     Hex            3%         N/A       32%         2
 Confusing Touch          Hex            3%         N/A       54%         3
 Yara's Violent Unravell  Hex/Tmut       1%         3d3       100%        5


Dungeon Overview and Level Annotations

Branches:
Dungeon (1/15)

Altars:


Message History

You now have 22 gold pieces (gained 13).
There is an open door here.
There is an open door here.
Found a robe.
You open the door.
There is an open door here.
Found a stone staircase leading down.
h - a white potion
Found 17 stones.
You see here 17 stones.
Found a book of Misfortune.
Found a white potion.
No target in view!
h - 2 white potions (gained 1)
You pick up a book of Misfortune and begin reading...
You add the spells Slow, Confusing Touch and Yara's Violent Unravelling to your library.
Okay, then.
You open the door.
There is an open door here.
You open the door.
There is an open door here.
A goblin comes into view. It is wielding a +0 club.
The goblin shouts!
A goblin is nearby!
The goblin hits you with a +0 club.
You hit the goblin but do no damage. The goblin hits you with a +0 club.
You hit the goblin.
The goblin is moderately wounded.
The goblin barely misses you.
You hit the goblin.
The goblin is severely wounded.
The goblin barely misses you.
You barely miss the goblin.
The goblin is severely wounded.
The goblin hits you but does no damage.
You hit the goblin.
You kill the goblin!
You have reached level 2!
Unknown command.
Are you sure you want to abandon this character and quit the game? (Confirm with "yes".)

.#.## #.# #.# .#..
#.#####>####### .#..
#..............
.#######.........##.##
..........##.....#
#.##..###.##.....#
#....## #........#
####.# ####.#.####.#
#.# #....@)..# ##.###
###.###### #....#
##'## ##.#.# ##...##
###.# ##.....## ##.#.#
##.......#
###....###.........#
.........'.........+
###....###.........#


There were no monsters in sight!

Vanquished Creatures
  An endoplasm (D:1)
  A goblin (D:1)
  3 kobolds (D:1)
5 creatures vanquished.

Notes
Turn   | Place    | Note
-------+----------+-------------------------------------------
     0 | D:1      | Aldia the Human Wanderer began the quest for the Orb.
     0 | D:1      | Aldia set off with the following items: a +0 spear, 3
                  | throwing nets, a +0 leather armour, a +0 falchion
     0 | D:1      | Reached XP level 1. HP: 15/15 MP: 2/2
   583 | D:1      | Reached XP level 2. HP: 15/21 MP: 3/3
   583 | D:1      | Quit the game

Illustrated notes

Levels and vault maps discovered:
D:1:      ebering_hopf_link, layout_loops_corners, minmay_misc_feat_plants

Action                   || total
-------------------------++-------
Melee: Falchion          ||    20
Armor: Leather armour    ||     2
Dodge: Dodged            ||    13
       Rpst.: Falchion   ||     2
